 Dungeon Crawl Stone Soup version 0.29.1-15-g9cfb28693d (webtiles) character file.

Game seed: 5987040876478574906

28 croobank the Firebug (level 3, -7/24 HPs)
             Began as a Demonspawn Fire Elementalist on Apr 18, 2023.
             Mangled by Terence
             ... wielding a +0 trident of protection
              (8 damage)
             ... on level 2 of the Dungeon.
             The game lasted 00:03:50 (1961 turns).

croobank the Firebug (Demonspawn Fire Elementalist) Turns: 1961, Time: 00:03:50

Health: -7/24      AC:  2    Str:  8    XL:     3   Next: 0%
Magic:  1/6        EV: 12    Int: 18    God:
Gold:   0          SH:  0    Dex: 13    Spells: 3/6 levels left

rFire   . . .      SeeInvis .   b - +1 short sword (vamp)
rCold   . . .      Faith    .   (no shield)
rNeg    . . .      Spirit   .   a - +0 robe
rPois   .          Reflect  .   (helmet restricted)
rElec   .          Harm     .   (no cloak)
rCorr   .          Rampage  .   (no gloves)
Will    .....                   (no boots)
Stlth   ++........              (no amulet)
HPRegen 0.08/turn               (no ring)
MPRegen 0.10/turn               (no ring)

@: no status effects
A: horns 1
a: no special abilities


You were on level 2 of the Dungeon.
You visited 1 branch of the dungeon, and saw 2 of its levels.

Inventory:

Hand Weapons
 b - a +1 vampiric short sword (weapon)
 e - a +0 dagger
Missiles
 h - 6 poisoned darts
Armour
 a - a +0 robe (worn)
 g - a +0 ring mail


   Skills:
 + Level 0.3 Fighting
 + Level 2.1 Dodging
 + Level 2.1 Stealth
 + Level 2.2 Spellcasting
 + Level 1.5 Conjurations
 + Level 2.9 Fire Magic


You had 3 spell levels left.
You knew the following spells:

 Your Spells              Type           Power      Damage    Failure   Level
a - Foxfire               Conj/Fire      40%        2x1d6     7%          1
b - Scorch                Fire           24%        2d6       9%          2

Your spell library contained the following spells:

 Spells                   Type           Power      Damage    Failure   Level
 Conjure Flame            Conj/Fire      10%        6-21      22%         3
 Inner Flame              Hex/Fire       7%         N/A       28%         3
 Flame Wave               Conj/Fire      10%        2d6       56%         4


Dungeon Overview and Level Annotations

Branches:
Dungeon (2/15)

Altars:

Annotations:
D:2 Terence


Innate Abilities, Weirdness & Mutations

You have a pair of small horns on your head.


Message History

Confirm with . or Enter, or press ? or * to list all spells.
Flames lash Terence.
Terence is lightly wounded.
Terence's fire resistance burns away.
You hear a shout!
Casting: Scorch (safe; 9% risk of failure)
Confirm with . or Enter, or press ? or * to list all spells.
Flames lash Terence.
Terence is lightly wounded.
Terence hits you from afar with a +0 trident of protection.
Terence closely misses you.
You hit Terence but do no damage. You headbutt Terence, but do no damage.
Terence is lightly wounded.
Terence hits you with a +0 trident of protection.
You hit Terence but do no damage.
Terence is lightly wounded.
Terence hits you with a +0 trident of protection.
A hobgoblin comes into view.
You hit Terence but do no damage. Your headbutt misses Terence.
Terence is lightly wounded.
Terence is no longer more vulnerable to fire.
Terence hits you with a +0 trident of protection.
* * * LOW HITPOINT WARNING * * *
It was a potion of curing.
You feel better. Terence barely misses you.
You hit Terence but do no damage.
Terence is lightly wounded.
Terence hits you with a +0 trident of protection!
* * * LOW HITPOINT WARNING * * *
As you read the scroll labelled ATEAKH GEPNU, it crumbles to dust.
It is a scroll of enchant weapon.
Your +0 vampiric short sword glows red for a moment.
Terence misses you.
You hit Terence but do no damage.
Terence is lightly wounded.
Terence hits you with a +0 trident of protection.
* * * LOW HITPOINT WARNING * * *
You closely miss Terence. Your headbutt misses Terence.
Terence is lightly wounded.
Terence hits you with a +0 trident of protection!
You die...

..........##########
............# ...
##.....## . ...
#....##
.....##.....###
...##.........#
.............#
...##.........#
......@@....###
......g######
.!..... .......
...#### ##


You could see Terence and a hobgoblin.

Vanquished Creatures
  3 bats (D:1)
  2 endoplasms (D:1)
  A giant cockroach (D:1)
  2 goblins (D:1)
  2 hobgoblins (D:1)
  5 jackals (D:1)
  4 kobolds (D:1)
  3 ball pythons (D:1)
  2 frilled lizards (D:1)
24 creatures vanquished.

Vanquished Creatures (others)
  46 foxfires
46 creatures vanquished.

Grand Total: 70 creatures vanquished

Notes
Turn   | Place    | Note
-------+----------+-------------------------------------------
     0 | D:1      | croobank the Demonspawn Fire Elementalist began the quest
                  | for the Orb.
     0 | D:1      | Reached XP level 1. HP: 13/13 MP: 3/3
   432 | D:1      | Gained mutation: You have a pair of small horns on your
                  | head. [demonic ancestry]
   432 | D:1      | Reached XP level 2. HP: 19/19 MP: 1/5
   476 | D:1      | Learned a level 2 spell: Scorch
  1176 | D:1      | Found a faded altar of an unknown god.
  1523 | D:1      | Reached XP level 3. HP: 24/24 MP: 2/6
  1947 | D:2      | Noticed Terence
  1960 | D:2      | HP: 1/24 [Terence/+0 trident of protection (2)]
  1961 | D:2      | Mangled by Terence

Illustrated notes

Levels and vault maps discovered:
D:1:      minmay_arrival_open_corners, layout_basic,
          chequers_ecumenical_altar_grove, kennysheep_pointless_box
D:2:      layout_basic, uniq_terence

Skill      XL: |  1  2 |
---------------+-------+-----
Stealth        | 2 |  2.1
Dodging        | 2 |  2.1
Fighting       | |  0.3
Spellcasting   | |  2.2
Conjurations   | |  1.5
Fire Magic     | |  2.9

Action                   || total
-------------------------++-------
Melee: Unarmed           ||    21
       Short sword       ||    17
       Headbutt          ||     4
 Cast: Foxfire           ||    26
       Scorch            ||     8
  Use: Potion            ||     2
       Scroll            ||     2
Armor: Robe              ||    12
Dodge: Dodged            ||    29
